 Dungeon Crawl Stone Soup version 0.30.0-11-gf55b779eaf (webtiles) character file.

Game seed: 10371681737650396896

299 mdonais the Trooper (level 6, -1/61 HPs)
             Began as a Meteoran Fighter on May 16, 2023.
             Was an Initiate of Ru.
             Slain by a water moccasin (5 damage)
             ... on level 5 of the Dungeon.
             The game lasted 00:07:35 (1113 turns).

mdonais the Trooper (Meteoran Fighter)              Turns: 1113, Time: 00:07:36

Health: -1/61      AC: 10    Str: 19    XL:     6   Next: 96%
Magic:  7/7        EV:  9    Int:  7    God:    Ru [......]
Gold:   199        SH:  5    Dex: 15    Spells: 5/5 levels left

rFire   . . .        a - +0 war axe
rCold   . . .        c - +0 buckler
rNeg    + . .        b - +0 scale mail
rPois   .            e - +2 hat
rElec   .            o - +2 cloak "Taorgheok" {rN+}
rCorr   .            (no gloves)
SInv    .            s - +0 pair of boots
Will    .....        h - amulet of magic regeneration Stlth
                     (no ring)
HPRegen 0.30/turn    (no ring)
MPRegen 0.50/turn

%: no passive effects
@: mighty, lethally poisoned (-1 -> -16), glowing
A: dopey 1, sense surroundings 1, otherworldly, glowing, explore regen, antennae
1, deformed body, robust 1
a: Renounce Religion


You were on level 5 of the Dungeon.
You worshipped Ru.
Ru was noncommittal.
You visited 2 branches of the dungeon, and saw 6 of its levels.

You collected 199 gold pieces.

Inventory:

Hand Weapons
 a - a +0 war axe (weapon)
 i - a +2 dagger of venom
   (You took it off a goblin on level 2 of the Dungeon)
 m - a +0 morningstar
   (You took it off an orc on level 4 of the Dungeon)
Missiles
 l - 3 poisoned darts (quivered)
 t - a boomerang
 u - 7 silver boomerangs
 Z - a throwing net {=!f}
Armour
 b - a +0 scale mail (worn)
 c - a +0 buckler (worn)
 e - a +2 hat (worn)
   (You found it on level 1 of the Dungeon)
 f - a +0 plate armour
   (You found it on level 1 of the Dungeon)
 o - the +2 cloak "Taorgheok" (worn) {rN+}
   (You found it on level 4 of the Dungeon)

   rN:        It protects you from negative energy.
 s - a +0 pair of boots (worn)
   (You found it on level 4 of the Dungeon)
Magical Staves
 j - a staff of fire
   (You found it on level 2 of the Dungeon)
Jewellery
 h - an amulet of magic regeneration (around neck)
   (You found it on level 2 of the Dungeon)
 k - a ring of wizardry
   (You found it on level 3 of the Dungeon)
Scrolls
 g - 2 scrolls of teleportation {unknown}
 n - a scroll of vulnerability
Potions
 p - a potion of attraction


   Skills:
 + Level 5.3 Fighting
 + Level 5.1 Axes
 - Level 5.0 Armour
 - Level 4.0 Shields


You had 5 spell levels left.
You didn't know any spells.
Your spell library was empty.

Dungeon Overview and Level Annotations

Branches:
Dungeon (5/15) Zot: 1901   Temple (1/1) D:4 Zot: 509

Altars:
Ashenzari
Cheibriados
Elyvilon
Kikubaaqudgha
Nemelex Xobeh
Qazlal
Ru
Sif Muna
Uskayaw
Wu Jian
Yredelemnul


Innate Abilities, Weirdness & Mutations

You are dopey. (Int -2)
You passively map a small area around you.
You are easily found by Zot.
You glow in the dark.
You regain HP and MP as you explore.
You have a pair of small antennae on your head.
Armour fits poorly on your strangely shaped body.
You are robust. (+10% HP)


Message History

The hound bites you but does no damage.
You hit the hound but do no damage. The hound bites you but does no damage.
You block the hound's attack.
You miss the hound.
The hound bites you but does no damage. x2
You slash the hound!
The hound is almost dead.
The hound bites you but does no damage. x2
You miss the hound.
The hound is almost dead.
The hound barely misses you. The hound bites you but does no damage.
You completely miss the hound.
The hound is almost dead.
The hound bites you but does no damage. You block the hound's attack.
You closely miss the hound.
The hound is almost dead.
The hound bites you.
You take 2 damage, and have 43/56 hp.
You miss the hound.
The hound is almost dead.
The hound bites you but does no damage. The hound bites you.
You slash the hound!
You kill the hound!
Your Axes skill increases to level 5!
You see here a hound corpse.
Found a stone staircase leading down.
You regained 3 hp, and now have 46/56 hp.
You regained 3 hp, and now have 49/56 hp.
You regained 2 hp, and now have 54/56 hp.
Found a mace.
Health restored: 56
Found a leather armour.
You see here a +0 mace.
You see here a +0 leather armour.
You open the door.
There is an open door here.
A hound comes into view.
The hound barks!
The hound closely misses you.
A water moccasin comes into view.
The hound bites you but does no damage.
Ru believes you are ready to make a new sacrifice.
Ru asks you to corrupt yourself such that: you are dopey. (Int -2).
This is a trivial sacrifice.
Piety after sacrifice: ......
Do you really want to make this sacrifice?
You feel stupid. The hound bites you but does no damage.
The water moccasin bites you but does no damage.
You closely miss the water moccasin. You barely miss the hound.
The hound pauses to sniff the ground.
The hound closely misses you.
The water moccasin bites you but does no damage.
The hound bites you but does no damage.
You hit the water moccasin.
The water moccasin is lightly wounded.
You hit the hound. You block the hound's attack. The water moccasin bites you.
You are poisoned.
The water moccasin poisons you! You block the hound's attack.
The water moccasin bites you but does no damage.
You take 4 damage, and have 52/56 hp.
You barely miss the hound.
The hound is moderately wounded.
You hit the water moccasin.
You feel very sick. The hound bites you but does no damage.
The water moccasin bites you but does no damage.
The hound bites you.
The water moccasin bites you but does no damage.
You take 6 damage, and have 46/56 hp.
You hit the water moccasin but do no damage.
The water moccasin is moderately wounded.
You closely miss the hound.
You feel very sick. The hound bites you but does no damage.
The water moccasin bites you but does no damage.
The hound barely misses you.
The water moccasin bites you but does no damage.
You take 2 damage, and have 44/56 hp.
You hit the water moccasin.
The water moccasin is moderately wounded.
You hit the hound.
You feel sick. The hound bites you but does no damage.
The water moccasin bites you but does no damage.
You block the hound's attack. The water moccasin barely misses you.
You take 2 damage, and have 42/56 hp.
You hit the water moccasin.
The water moccasin is heavily wounded.
You barely miss the hound.
You feel sick. You block the hound's attack.
The water moccasin bites you but does no damage.
The hound bites you but does no damage.
You take 1 damage, and have 41/56 hp.
You hit the water moccasin.
The water moccasin is heavily wounded.
You hit the hound.
You feel sick. You block the water moccasin's attack.
The hound barely misses you. The water moccasin bites you!
You are more poisoned.
The water moccasin poisons you! The hound barely misses you.
You take 7 damage, and have 34/56 hp.
You barely miss the water moccasin.
The water moccasin is heavily wounded.
You closely miss the hound.
You feel very sick. The water moccasin bites you.
You are lethally poisoned!
The water moccasin poisons you! The hound bites you but does no damage.
The water moccasin bites you. The hound bites you but does no damage.
You take 12 damage, and have 22/56 hp.
MASSIVE DAMAGE!!
You feel much better.
You feel very sick.
The water moccasin bites you but does no damage.
The hound bites you but does no damage.
You regained 14 hp, and now have 36/56 hp.
You feel very mighty all of a sudden.
You feel very sick. The hound bites you but does no damage.
The water moccasin bites you. The hound bites you but does no damage.
The water moccasin bites you but does no damage.
You take 11 damage, and have 25/56 hp.
You closely miss the water moccasin.
The water moccasin is heavily wounded.
You closely miss the hound.
You feel very sick. The hound closely misses you.
The water moccasin bites you but does no damage.
The hound bites you. You block the water moccasin's attack.
You take 6 damage, and have 19/56 hp.
You miss the water moccasin.
The water moccasin is heavily wounded.
You barely miss the hound.
You feel very sick. The hound bites you but does no damage.
The water moccasin bites you but does no damage.
You block the hound's attack.
You take 4 damage, and have 15/56 hp.
You barely miss the water moccasin.
The water moccasin is heavily wounded.
You slash the hound!
You kill the hound!
You feel very sick.
The water moccasin bites you but does no damage.
The water moccasin bites you.
* * * LOW HITPOINT WARNING * * *
You are lethally poisoned!
The water moccasin poisons you!
You take 7 damage, and have 8/56 hp.
It was a potion of mutation.
You feel extremely strange. A pair of antennae grows on your head!
Your body twists and deforms.
You feel robust.
* * * LOW HITPOINT WARNING * * *
You feel very sick. The water moccasin barely misses you.
The water moccasin bites you.
You die...

.### * *#≈.....# ....
,#≈...., , ####, * *
*#≈..# * * , ######≈..# *
* ###....'...###♣
#......#≈..#..#,, , *
##.[#####≈..#..# *
####...# #≈.....#, ,,
......)#####≈...@S#
....#......#≈...........
####.......#≈≈≈≈≈≈.≈≈≈≈≈~
#........#######+#####
#..........## *
#............ ,
###..........##
.##..........# ,
.###........##* *


You could see a water moccasin.

Vanquished Creatures
  2 hounds (D:5)
  2 iguanas (D:5)
  An orc wizard (D:5)
  4 gnolls
  5 adders
  4 worms
  A dart slug (D:4)
  13 orcs
  5 bats
  5 endoplasms
  3 giant cockroaches
  4 goblins
  2 hobgoblins
  4 jackals (D:2)
  A quokka (D:3)
  3 ball pythons
  A frilled lizard (D:2)
  2 kobolds
  2 rats
64 creatures vanquished.

Notes
Turn   | Place    | Note
-------+----------+-------------------------------------------
     0 | D:1      | mdonais the Meteoran Fighter began the quest for the Orb.
     0 | D:1      | Reached XP level 1. HP: 19/19 MP: 2/2
    93 | D:1      | Reached XP level 2. HP: 26/26 MP: 3/3
   274 | D:2      | Reached XP level 3. HP: 22/31 MP: 4/4
   310 | D:2      | Found a sacrificial altar of Ru.
   324 | D:2      | Became a worshipper of Ru the Awakened
   402 | D:2      | Reached XP level 4. HP: 38/40 MP: 5/5
   551 | D:4      | Reached XP level 5. HP: 28/46 MP: 6/6
   585 | D:4      | Identified the +2 cloak "Taorgheok" {rN+}
   594 | D:4      | Found a staircase to the Ecumenical Temple.
   611 | Temple   | Entered the Ecumenical Temple
   797 | D:5      | Entered Level 5 of the Dungeon
   797 | D:5      | Noticed an ogre
  1016 | D:4      | Reached skill level 5 in Armour
  1016 | D:4      | Reached XP level 6. HP: 46/53 MP: 7/7
  1052 | D:5      | Reached skill level 5 in Fighting
  1068 | D:5      | Reached skill level 5 in Axes
  1098 | D:5      | Noticed a water moccasin
  1099 | D:5      | Gained mutation: You are dopey. (Int -2) [Ru sacrifice]
  1113 | D:5      | Gained mutation: You have a pair of small antennae on your
                  | head. [potion of mutation]
  1113 | D:5      | Gained mutation: Armour fits poorly on your strangely
                  | shaped body. [potion of mutation]
  1113 | D:5      | Gained mutation: You are robust. (+10% HP) [potion of
                  | mutation]
  1113 | D:5      | Slain by a water moccasin

Illustrated notes

Levels and vault maps discovered:
D:1:      ncdulo_smallfort, layout_loops_corners
D:2:      layout_basic, basic_altar
D:3:      layout_rooms
D:4:      layout_loops_ring, mainiacjoe_overflow_boulevard,
          minmay_temple_entry_ruins, roderic_batcave
D:5:      layout_rooms, lemuel_tele_altar, kennysheep_generic_room_16
Temple:   nicolae_temple_bog_church

Skill      XL: |  1  2  3  4  5  6 |
---------------+-------------------+-----
Shields        | 4 |  4.0
Axes           | 3 4 5 |  5.1
Armour         | 4 5 |  5.0
Fighting       | 4 5 |  5.3

Action                     |  1- 3 |  4- 6 || total
---------------------------+-------+-------++-------
  Melee: War axe           |    54 |   135 ||   189
         Dagger            |    18 |       ||    18
 Invoke: Sacrifice Purity  |       |     1 ||     1
    Use: Scroll            |       |     2 ||     2
         Potion            |       |     3 ||     3
 Armour: Scale mail        |    35 |   125 ||   160
  Dodge: Dodged            |    26 |    62 ||    88
  Block: Buckler           |    16 |    41 ||    57
